 Dungeon Crawl Stone Soup version 0.31-a0-1540-g5a0b83f448 (webtiles) character file.

Game seed: 13038534864568617585

5 MisterAzrael the Ruffian (level 1, 0/13 HPs)
             Began as an Octopode Shapeshifter on Jan 2, 2024.
             Frozen to death by an endoplasm (3 damage)
             ... on level 1 of the Dungeon.
             The game lasted 00:00:12 (100 turns).

MisterAzrael the Ruffian (Octopode Shapeshifter)     Turns: 100, Time: 00:00:13

Health: 0/13       AC:  1    Str: 13    XL:     1   Next: 80%
Magic:  1/1        EV: 10    Int: 12    God:
Gold:   13         SH:  0    Dex: 11    Spells: 0/0 levels left

rFire   . .          .
                       - Unarmed
rCold   . . .        (no shield)
rNeg    . . .        (helmet currently unavailable)
rPois   .            (no amulet)
rElec   .            (no ring)
rCorr   .            (no ring)
SInv    .            (no ring)
Will    .....        (no ring)
Stlth   ++           (no ring)
HPRegen 0.22/turn    (no ring)
MPRegen 0.07/turn    (no ring)
                     (no ring)

%: no passive effects
@: beast-form, constricted
A: beast (slay +1), almost no armour, amphibious, 8 rings, camouflage 1,
gelatinous body 1, (nimble swimmer 1), tentacles
a: Begin Untransformation


You were on level 1 of the Dungeon.
You were a hulking beast.
You visited 1 branch of the dungeon, and saw 1 of its levels.

You collected 13 gold pieces.

Inventory:

Talismans
 b - a beast talisman
 c - a flux talisman
Potions
 a - a potion of lignification
 d - 2 potions of brilliance {unknown}


   Skills:
 - Level 1.0 Fighting
 + Level 2.5 Dodging
 - Level 3.0 Unarmed Combat
 - Level 3.0 Shapeshifting


You couldn't memorise any spells.
You didn't know any spells.
Your spell library was empty.

Dungeon Overview and Level Annotations

Branches:
Dungeon (1/15)

Altars:


Innate Abilities, Weirdness & Mutations

You are a hulking beast.
Your limbs bulge with bestial killing power. (Slay +1)
You cannot wear most types of armour.
You are amphibious.
You can wear up to eight rings at the same time.
Your skin changes colour to match your surroundings (Stealth+).
Your rubbery body absorbs attacks. (AC +1, EV +1)
((You are camouflaged when in or above water. (Stealth+)))
You have tentacles for arms and can constrict up to eight enemies at once.


Message History

A frilled lizard, a ball python and a rat come into view.
Found a helmet.
The ball python hisses angrily.
A quokka comes into view.
There are monsters nearby!
Found a book of Minor Magic.
The quokka misses you. x2
The ball python bites you. The ball python barely misses you.
The frilled lizard hisses angrily.
The rat squeaks loudly.
You tentacle-slap the frilled lizard.
You kill the frilled lizard!
You hear a shout!
The ball python misses you. The ball python closely misses you.
The quokka bites you.
An endoplasm comes into view.
You are too injured to fight recklessly!
You are too injured to fight recklessly!
You are too injured to fight recklessly!
You are too injured to fight recklessly!
You are too injured to fight recklessly!
You tentacle-slap the quokka. You grab the quokka.
The quokka is lightly wounded.
You constrict the quokka. The ball python barely misses you.
The ball python closely misses you. The quokka barely misses you.
You completely miss the quokka.
The quokka is moderately wounded.
You constrict the quokka. The quokka barely misses you.
The ball python barely misses you. The ball python grabs you.
The ball python constricts you.
You tentacle-slap the quokka.
The quokka is severely wounded.
You constrict the quokka.
You kill the quokka!
The ball python barely misses you. The ball python constricts you.
You barely miss the ball python. Your grab misses the ball python.
The rat bites you.
* * * LOW HITPOINT WARNING * * *
The endoplasm freezes you.
You are frozen.
You die...

#.....##.........
######.....##..##.....
#..........##..##.....
.....................
.##.#...##.#.....####
:#...........####..
#.#................
#J#.###............
#h..##...≈≈≈.≈≈≈.≈
#r#S.##...≈.≈.≈.≈.≈
......+....≈.≈≈≈.≈.≈
..#.....# ..≈..>..≈.≈
... #.....#
..≈≈≈.≈≈≈.≈ .. +......
....≈.≈.... . ##.#....
..≈≈≈.≈≈≈≈≈ #......
..≈......>.
..≈.≈≈≈≈≈.≈


You could see an endoplasm, a ball python and a rat.

Vanquished Creatures
  2 bats (D:1)
  A goblin (D:1)
  A quokka (D:1)
  A frilled lizard (D:1)
5 creatures vanquished.

Notes
Turn   | Place    | Note
-------+----------+-------------------------------------------
     0 | D:1      | MisterAzrael the Octopode Shapeshifter began the quest for
                  | the Orb.
     0 | D:1      | Reached XP level 1. HP: 13/13 MP: 1/1
   100 | D:1      | Frozen to death by an endoplasm

Illustrated notes

Levels and vault maps discovered:
D:1:      evilmike_arrival_hilbert_curve, layout_basic, minmay_small_reverse_x

Action                     || total
---------------------------++-------
  Melee: Unarmed           ||     8
         Constrict         ||     1
   Stab: Sleeping          ||     1
 Armour: Skin              ||     5
  Dodge: Dodged            ||    13

Table legend: (Time is in decaauts)
 A = Elapsed time spent in this place.
 B = Non-inter-level travel time spent in this place.
 C = Inter-level travel time spent in this place.
 D = Time resting spent in this place.
 E = Time spent auto-exploring this place.
 F = Levels seen in this place.
 G = Mean time per level.
                   A        B        C        D        E       F      G
               +--------+--------+--------+--------+--------+-----+--------+
         Total |     99 |     99 |      0 |      0 |     73 |   1 |   99.0 |
       Dungeon |     99 |     99 |      0 |      0 |     73 |   1 |   99.0 |
               +--------+--------+--------+--------+--------+-----+--------+

Top non-repeatable levels by time:
     D:1: 99 daAuts
